[Event "10th Menchik Memorial 2025"]
[Site "London"]
[Date "2025.03.20"]
[Round "2.1"]
[White "Yao, Lan"]
[Black "Hunt, Harriet V"]
[Result "0-1"]
[Annotator "TA"]
[ECO "C45"]
[WhiteElo "2294"]
[BlackElo "2296"]
[PlyCount "112"]
[EventDate "2025.03.11"]
[EventType "tourn"]
[EventCountry "ENG"]
[SourceTitle "playchess.com"]
[Source "ChessBase"]
[SourceQuality "1"]
[TimeControl "5400+30"]

1. e4 e5 2. Nf3 Nc6 3. d4 exd4 4. Nxd4 Bc5 5. Nb3 Bb6 6. Nc3 Qf6 7. Qe2 Nge7 8. h4 d6 {[%emt 0:10:29] seems to push 8...h6 aside. C45: Scotch Game.} 9. Bg5 Qe6 10. O-O-O Bd7 {[%emt 0:05:12] The position is equal.} 11. g3 Qg4 $146 (11... O-O-O 12. Bh3 Qg6 13. Bxd7+ Rxd7 14. f4 f6 15. f5 Qf7 16. Bf4 d5 17. Na4 Rdd8 {½-½ Divya,D (2501)-Koneru,H (2530) Shymkent FIDE GP (Women) 2024 (1)}) 12. Qd2 f6 13. Be3 O-O-O 14. Bxb6 axb6 15. Bg2 Kb8 16. Kb1 Rhe8 17. Ne2 Qh5 18. Nf4 Qb5 19. Rhe1 Bg4 20. f3 Bc8 21. Bf1 Qa4 22. Ne2 ({Better is} 22. Nd5 $14) 22... Qb5 23. g4 Qe5 24. Nf4 Ng6 25. Nxg6 (25. Nd5 $1 $14) 25... hxg6 $11 26. f4 Qe7 27. Qg2 (27. f5 $15) 27... f5 $17 28. exf5 Qxe1 29. Rxe1 Rxe1+ 30. Nc1 {[%emt 0:00:01] White is weak on the dark squares} gxf5 31. g5 g6 32. b3 Rh8 {[%emt 0:01:07][%cal Oe1e7] Black is much more active.} 33. Qf2 Re7 34. Kb2 Reh7 35. Bc4 Rxh4 36. Bf7 $2 (36. Ne2 $17) 36... Rh2 $19 37. Qe3 Nb4 $2 (37... R8h3 $19 38. Qg1 Nb4) 38. Ne2 $17 Rg2 39. Qd4 $2 (39. Bc4 Nc6 40. Bd5) 39... Rhh2 $19 40. Qxb4 Rxe2 41. Qc3 Be6 (41... Rxc2+ 42. Qxc2 Rxc2+ 43. Kxc2 $16) 42. Bxg6 Ref2 43. a4 $2 (43. Be8 {is tougher.} d5 (43... Rxf4 44. g6 $11) 44. Kc1) 43... Rxf4 44. Qf6 Bc8 (44... Rff2 $142 45. Qd8+ (45. Qxe6 $2 {is the wrong capture.} Rxc2+ 46. Ka3 c5 $19) 45... Ka7 (45... Bc8 $2 46. Ka3 $19) 46. Qxc7 Rd2) 45. Bf7 {[%emt 0:00:56] and g6 should not be overlooked} Rff2 46. Qc3 {[%emt 0:00:49] [#]} f4 $1 {[%emt 0:01:13] Hoping for ...Bf5.} 47. b4 $2 {[%emt 0:00:44] This move loses the game for White.} (47. Bg6 $17) 47... Bf5 48. Bb3 Rfg2 49. Qf6 Bxc2 50. Qxf4 (50. Bxc2 $142 Rxc2+ 51. Kb3) 50... Bxb3+ (50... Bd1+ $142 51. Ka3 Rh3) 51. Kxb3 {[%emt 0:00:01][%mdl 4096] Endgame KQ-KRR} Rh3+ 52. Kc4 Rhg3 {[%emt 0:00:11][%cal Og3g4] ( -> ...Rg4!)} 53. Qf8+ Ka7 54. Qd8 Rxg5 (54... Rd2 $142 55. Qxc7 Rc2+ (55... Rxg5 $2 56. Qh7 $19) 56. Kd5 Rxc7 57. Kxd6 Rc4 (57... Rc6+ $2 58. Ke5 $19) 58. Ke6 Rxg5 (58... Rxb4 $2 59. Kf6 $19) 59. Kf6 Rh5 60. Kg6 Rd5 61. b5 Rxa4 62. Kf7 Rf4+ (62... Rxb5 {gets mated.} 63. Kg7 Rf4 64. Kg6 Rbf5 65. Kh7 Rg4 66. Kh6 Ra5 67. Kh7 Rh5#) 63. Kg6 Rxb5 64. Kg7 Rg5+ 65. Kh6 Rfg4 66. Kh7 Rh5#) 55. Kd3 R2g3+ 56. Kc2 {[%emt 0:00:10] [#]} (56. Ke4 $19 Re5+ 57. Kf4) 56... Rh5 {[%emt 0:00:46] Weighted Error Value: White=0.59/Black=0.38  Loses game:     	White=2     	---        Missed win:     	---       	Black=1      Mistake:       	White=5     	Black=2      Inaccurate:     	White=1     	Black=3      OK:         	White=15    	Black=14     Best:        	White=1     	Black=5      Strong:       	---       	Black=1} 0-1

[Event "10th Menchik Memorial 2025"]
[Site "London"]
[Date "2025.03.20"]
[Round "2.2"]
[White "Schulze, Lara"]
[Black "Sliwicka, Alicja"]
[Result "1/2-1/2"]
[Annotator "TA"]
[ECO "C55"]
[WhiteElo "2313"]
[BlackElo "2342"]
[PlyCount "70"]
[EventDate "2025.03.11"]
[EventType "tourn"]
[EventCountry "ENG"]
[SourceTitle "playchess.com"]
[Source "ChessBase"]
[SourceQuality "1"]
[TimeControl "5400+30"]

1. e4 e5 2. Nf3 Nc6 3. Bc4 Nf6 4. d3 Be7 5. O-O O-O 6. Re1 d6 7. a4 Na5 8. Ba2 {[%emt 0:00:19] C55: Two Knights: 4 d3, 4 d4 exd4 5 e5 and Max Lange Attack.} c5 9. c3 Nc6 10. Na3 {[%emt 0:00:42] White is slightly better.} Be6 11. Bxe6 fxe6 12. Bd2 $1 {[%emt 0:00:34] The main line 12.Bd2 scores better than 12.Nc4.} a6 13. b4 cxb4 14. cxb4 d5 {[%emt 0:00:24] Against Nc4} 15. b5 $146 (15. Nc2 b5 16. axb5 axb5 17. Rxa8 Qxa8 18. exd5 Nxd5 19. Nxe5 Ncxb4 20. Nxb4 Nxb4 21. Qb3 {½-½ Dominguez Perez,L (2752)-Aronian,L (2772) Berlin FIDE GP 1 KO 2022 (1.2)}) 15... axb5 16. axb5 (16. Nxb5 $11 Bc5 17. Qc2) 16... Nd4 (16... dxe4 $17 17. dxe4 Rxa3 (17... Nd4 18. Nc4 $17) 18. bxc6 bxc6) 17. Nxd4 $11 exd4 18. Nc2 Rxa1 19. Nxa1 (19. Qxa1 $11 dxe4 20. dxe4) 19... dxe4 $17 20. dxe4 Qb6 21. e5 Nd5 $36 {[%emt 0:01:12][%cal Od5c3][%mdl 2048] Black has strong initiative.} 22. Nb3 d3 {[%emt 0:03:26] Black plays in the center} (22... Qxb5 $6 23. Nxd4 Qd7 24. Qg4 $11) 23. Rf1 Bc5 24. Nxc5 Qxc5 25. Qg4 {[%emt 0:00:59] Prevents Qc4} Rf5 (25... Qxb5 $6 26. Qxe6+ Kh8 27. Qd6 $11) 26. Qa4 {[%emt 0:03:52] [#]} (26. b6 $15) 26... h6 $1 $19 (26... Rxe5 27. Qa8+ Qf8 (27... Kf7 28. Qxb7+ Qe7 29. Qc6 $14) 28. Qxb7 $11) 27. Qg4 {[%emt 0:02:30] [#]} (27. h3 $142) 27... Kh7 $2 (27... Qxb5 28. Bxh6 Qd7 (28... Rxe5 29. Qxg7#) 29. Bd2 $11) (27... Nc3 $1 $19 {[%cal Rc3e2] Hoping for ...Ne2+.} 28. Bxh6 Qxe5 (28... Rxe5 29. Qxg7#)) 28. Qe4 $11 {[%emt 0:01:06] aiming for g4.} Nc7 (28... Qxb5 $2 29. g4 Ne7 30. gxf5 $18) 29. g4 Qxe5 30. Qxd3 Qd5 $1 (30... Qxb5 $6 31. Qc2 Qc5 32. Bc3 $18) 31. Qc2 Nxb5 (31... Qc5 $2 32. Bc3 Qc4 33. f3 $18 (33. gxf5 Qg4+ 34. Kh1 Qf3+ 35. Kg1 Qg4+ 36. Kh1 Qf3+ 37. Kg1 Qg4+ $11)) 32. Be3 (32. gxf5 Nd4 33. Qd1 Nf3+ (33... exf5 $2 34. f3 $18) 34. Kg2 Nxd2+ 35. f3 Nxf1 36. Qxf1 Qxf5 $17 (36... exf5 $2 37. Qe1 $19)) 32... Na3 (32... Qf3 $1 $11 {keeps the balance.} 33. Qd1 (33. gxf5 Qg4+ 34. Kh1 Qf3+ 35. Kg1 Qg4+ 36. Kh1 Qf3+ 37. Kg1 $11) 33... Nc3 34. Qxf3 Rxf3) 33. Qc1 ({White should play} 33. Qa4 $16 Rf3 (33... Qa5 34. Qb3 $16) 34. Qxa3) 33... Qf3 {[%emt 0:05:09] The position is equal.} 34. gxf5 (34. Qxa3 $2 {loses.} Qxg4+ 35. Kh1 Qf3+ 36. Kg1 Rg5+ 37. Bxg5 Qxa3 $19) 34... Qg4+ 35. Kh1 Qf3+ {[%emt 0:00:19] Weighted Error Value: White=0.25 (precise) /Black=0.21 (precise)   Missed win:     	---       	Black=1      Mistake:       	White=5     	Black=2      Inaccurate:     	White=1     	Black=1      OK:         	White=11    	Black=9      Best:        	---       	Black=6      Strong:       	---       	Black=2} 1/2-1/2

[Event "10th Menchik Memorial 2025"]
[Site "London"]
[Date "2025.03.20"]
[Round "2.3"]
[White "Unuk, Laura"]
[Black "Zimina, Olga"]
[Result "1/2-1/2"]
[Annotator "TA"]
[ECO "D00"]
[WhiteElo "2301"]
[BlackElo "2293"]
[PlyCount "61"]
[EventDate "2025.03.11"]
[EventType "tourn"]
[EventCountry "ENG"]
[SourceTitle "playchess.com"]
[Source "ChessBase"]
[SourceQuality "1"]
[TimeControl "5400+30"]

1. d4 Nf6 2. Nc3 d5 3. Bf4 a6 4. e3 Bf5 5. Nf3 e6 {[%emt 0:02:33] The position is equal.} 6. Ne5 {[%emt 0:00:24] D00: 1 d4 d5: Unusual lines.} h6 {[%emt 0:02:55] 6...h6 is better than 6...Nbd7.} 7. Bd3 Bxd3 8. cxd3 Nbd7 9. O-O Nxe5 10. Bxe5 Bd6 11. Rc1 $146 (11. e4 dxe4 12. Bxf6 Qxf6 13. dxe4 Qd8 14. Qg4 Qg5 15. Qe2 O-O 16. e5 Bb4 17. Qc4 {0-1 Zia,T (2307)-Mohamad,E (2402) Olympiad-44 Chennai 2022 (11.3)}) 11... O-O 12. Na4 Nd7 13. Bxd6 cxd6 14. b4 Nb6 15. a3 Nxa4 16. Qxa4 b5 17. Qb3 {[%emt 0:04:10] Not much happening anymore} a5 18. h3 axb4 19. axb4 Qd7 20. Rc3 Rfc8 21. Rfc1 Rxc3 22. Qxc3 $11 {[%emt 0:00:34][%mdl 4096] Endgame KQR-KQR} Ra4 23. Ra1 Rxa1+ 24. Qxa1 {[%emt 0:00:04] KQ-KQ} Qc6 25. Qb2 Qa8 26. Kf1 Qa4 27. Ke2 {[%emt 0:00:06] Inhibits Qd1+.} Kh7 28. Kd2 h5 29. h4 g6 30. g3 Kg7 31. Ke2 {[%emt 0:00:04] A rather calm draw.   Weighted Error Value: White=0.01 (flawless) /Black=0.01 (flawless)   OK:         	White=12    	Black=14} 1/2-1/2

[Event "10th Menchik Memorial 2025"]
[Site "London"]
[Date "2025.03.20"]
[Round "2.4"]
[White "Mirzoeva, Elmira"]
[Black "Toma, Katarzyna"]
[Result "1-0"]
[Annotator "TA"]
[ECO "E00"]
[WhiteElo "2272"]
[BlackElo "2177"]
[PlyCount "107"]
[EventDate "2025.03.11"]
[EventType "tourn"]
[EventCountry "ENG"]
[SourceTitle "playchess.com"]
[Source "ChessBase"]
[SourceQuality "1"]
[TimeControl "5400+30"]

1. d4 Nf6 2. c4 e6 3. Bg5 h6 4. Bh4 Bb4+ 5. Nd2 g5 6. Bg3 Ne4 {[%emt 0:00:08] E00: Catalan Bogo-Indian (3 g3 Bb4+).} 7. Ngf3 Nxg3 ({Better is} 7... Nc6 $11) 8. hxg3 $14 b6 {[%emt 0:01:33] White is slightly better.} 9. a3 Bf8 10. Qc2 Bb7 11. g4 $146 (11. e3 Bg7 12. Bd3 Qe7 13. O-O-O Nc6 14. d5 Ne5 15. Nxe5 Bxe5 16. dxe6 dxe6 17. Be4 {0-1 Erigaisi,A (2778)-Duda,J (2733) Chess.com SpeedChess blitz 2024 (1.4)}) 11... Bg7 12. e3 c5 13. Ne4 Qc7 {[%emt 0:22:01] Prevents Nd6+} 14. O-O-O cxd4 15. Nxd4 {[%emt 0:00:30] Excellent horsemanship.} a6 {[%emt 0:04:01] Wards off Nb5} (15... Bxd4 $14 16. Rxd4 Bxe4 17. Rxe4 (17. Qxe4 Nc6 $14) 17... Ke7) 16. Nf3 $2 ({White has to play} 16. Nf5 $1 $18 exf5 17. Nd6+ Ke7 18. Qxf5) 16... Bxe4 17. Qxe4 Nc6 18. Kb1 Rb8 19. Be2 b5 20. cxb5 axb5 21. Rc1 (21. Rd5 $1 $11) 21... Qa7 $1 $17 {[%emt 0:11:02] And now ...b4 would win.} 22. Rhd1 (22. Rxc6 $142 dxc6 23. Ne5 (23. Qxc6+ Ke7 $17) 23... Bxe5 24. Qxe5) 22... b4 23. Rxc6 (23. a4 $17 Qxa4 24. Qd3) 23... bxa3 $19 (23... dxc6 24. Qxc6+ Kf8 25. Rd7 $14) 24. Ra6 (24. Rc2 $2 axb2 (24... Bxb2 25. Ka2 $14) 25. Rc4 Qa1+ 26. Kc2 b1=B+ $19 (26... b1=R $2 27. Rxb1 Rxb1 28. Qa8+ Qxa8 29. Kxb1 $19)) 24... Rxb2+ 25. Kc1 {[%emt 0:00:03][%cal Bb1c1,Bc1d2,Bd2e1][%mdl 32] [#]} Qxa6 26. Bxa6 $11 {[%emt 0:00:15] Successful Defense White} a2 $1 27. Qa4 (27. Qa8+ $2 Ke7 $19) 27... O-O $2 (27... Rb1+ $1 $11 {and Black stays safe.} 28. Kc2 Rxd1 29. Qxa2 Ra1) 28. Nd4 $18 (28. Qxd7 $2 a1=Q#) 28... Rfb8 29. Bc4 $1 (29. Qxd7 $2 a1=Q#) 29... Rb1+ {[%emt 0:01:07] [#]} 30. Kd2 $1 R8b2+ 31. Ke1 Bxd4 (31... Rxd1+ 32. Qxd1 Rb1 33. Bxa2 Rxd1+ 34. Kxd1 Bxd4 35. exd4 Kf8) 32. exd4 (32. Qa8+ $2 Kg7 33. exd4 Rxd1+ (33... a1=B $2 34. d5 $18) 34. Kxd1 Rb1+ (34... Rxf2 $2 35. Bxa2 Rf1+ 36. Ke2 $18) 35. Ke2 a1=Q $19 (35... a1=B $2 36. Bd3 $18)) 32... a1=Q 33. Qxa1 Rxa1 34. Rxa1 {[%emt 0:00:01][%mdl 4096] Endgame KRB-KR} Rb4 {[%emt 0:00:04] [#]} 35. Be2 Rxd4 36. Rd1 Rxd1+ (36... Rf4 {was worth a try.} 37. Rxd7 Kg7) 37. Bxd1 {[%emt 0:00:02] KB-KP} Kg7 38. Kd2 Kf6 39. Ke3 $2 (39. Kc3 $18 Ke5 40. Kc4) 39... Ke5 $16 40. Ba4 d6 41. Be8 f5 (41... Kf6 $16 42. Kd4 Ke7) 42. gxf5 $18 Kxf5 43. Bd7 $2 (43. Kf3 $18 d5 44. g3) 43... Ke5 $2 (43... h5 $16 44. Ba4 Ke5) 44. Kf3 {[%emt 0:00:05] White wants to mate with Kg4.} Kf5 45. Be8 d5 46. Bd7 $2 (46. g3 $18 {is the precise move to win. and Bf7 would now be decisive} Ke5 47. Kg4) 46... Ke5 $2 (46... h5 $16 47. g3 Ke5) 47. Kg4 {[%emt 0:00:16] White mates.} d4 48. Kh5 d3 49. Kxh6 Kf5 50. Bb5 d2 51. Be2 e5 52. Kh5 e4 53. g4+ Kf4 54. Bd1 {[%emt 0:00:08] Weighted Error Value: White=0.56/Black=0.71  Loses game:     	---       	Black=3      Missed win:     	White=1     	Black=1      Mistake:       	White=3     	Black=3      Inaccurate:     	---       	Black=3      OK:         	White=10    	Black=17     Best:        	White=7     	Black=1      Strong:       	White=2     	Black=2} 1-0

[Event "10th Menchik Memorial 2025"]
[Site "London"]
[Date "2025.03.20"]
[Round "2.5"]
[White "Van Foreest, Machteld"]
[Black "Navrotescu, Andreea"]
[Result "0-1"]
[Annotator "TA"]
[ECO "B33"]
[WhiteElo "2352"]
[BlackElo "2288"]
[PlyCount "62"]
[EventDate "2025.03.11"]
[EventType "tourn"]
[EventCountry "ENG"]
[SourceTitle "playchess.com"]
[Source "ChessBase"]
[SourceQuality "1"]
[TimeControl "5400+30"]

1. e4 c5 2. Nf3 Nc6 3. d4 cxd4 4. Nxd4 Nf6 5. Nc3 e5 6. Ndb5 d6 7. Nd5 Nxd5 8. exd5 Nb8 9. Qd3 {[%emt 0:00:20] B33: Sicilian: Pelikan and Sveshnikov Variations.} a6 10. Qa3 b6 (10... Be7 $5) 11. c4 {[%emt 0:08:15][%cal Oc1g5] The position is equal.} Bb7 12. Nc3 Be7 13. Be3 Nd7 14. Bd3 O-O 15. Bf5 Bc8 16. O-O Rb8 17. f4 $146 (17. Rac1 g6 18. Bc2 f5 19. Ba4 f4 20. Bd2 Nc5 21. Bc2 a5 22. f3 Ba6 23. b3 {0-1 Gutierrez,C (2310)-Ferrufino,B (2199) Santa Cruz Mario Dario Lopez 2008 (2)}) 17... b5 18. cxb5 axb5 19. Ne4 Nb6 20. fxe5 Nc4 21. Qc3 (21. Qd3 $11 Bxf5 (21... dxe5 22. Bxh7+ Kh8 23. d6 $11) (21... Nxe5 22. Qb3 $15) 22. Rxf5) 21... Bxf5 (21... Nxe5 $6 22. Bd4 $11) 22. Rxf5 dxe5 23. Rd1 Qd7 24. Rxe5 {[%emt 0:25:06] [#]} (24. Rf3 $17 {was necessary.}) 24... Nxe5 ({Better is} 24... Rbe8 $1 $19 25. Bd4 Nxe5 26. Bxe5 Qf5) 25. Qxe5 $17 Rbe8 26. Bd4 (26. Qf4 $17) 26... Qg4 $19 27. Nf2 Qg6 {[%emt 0:00:09] aiming for ...Bd6.} 28. Re1 f6 29. Qe6+ Kh8 30. Qg4 $2 {[%emt 0:04:02] [#]} (30. Rd1 Bc5 31. Bxc5 Rxe6 32. dxe6) 30... Bc5 $1 31. Rxe8 (31. Rd1 Qxg4) 31... Rxe8 {[%emt 0:00:24] Weighted Error Value: White=0.63/Black=0.04 (flawless)   Mistake:       	White=4     	Black=1      Inaccurate:     	White=2     	---        OK:         	White=6     	Black=15} 0-1